 Dungeon Crawl Stone Soup version 0.31-a0-446-g07c4bd200f (webtiles) character file.

Game seed: 5981038426382560344

24301 Ethylacetat the Thaumaturge (level 13, -3/74 HPs)
             Began as a Vine Stalker Monk on Aug 3, 2023.
             Slain by a yak (7 damage)
             ... led by a torpor snail
             ... on level 3 of the Lair of Beasts.
             The game lasted 00:19:29 (11643 turns).

Ethylacetat the Thaumaturge (Vine Stalker Monk)    Turns: 11643, Time: 00:19:30

Health: -3/74      AC:  7    Str: 18    XL:     13   Next: 12%
Magic:  0/30       EV: 13    Int: 10    God:
Gold:   937        SH:  0    Dex: 21    Spells: 36/36 levels left

rFire   . . .        s - +11 spear "Gusax" {vamp, Str+3}
rCold   + . .        c - orb {light}
rNeg    . . .        i - +1 leather armour {rC+}
rPois   +            (no helmet)
rElec   .            u - +2 cloak {rPois}
rCorr   .            (no gloves)
SInv    +            (no boots)
Will    +....        (no amulet)
Stlth   +            h - ring of see invisible
HPRegen 1.12/turn    t - ring of flight
MPRegen 0.22/turn

%: guardian spirit
@: mighty, flying, slowed, glowing, very slow
A: fangs 3, regeneration 1, magic shield, antimagic bite, no potion heal 2
a: no special abilities


You were on level 3 of the Lair of Beasts.
You visited 4 branches of the dungeon, and saw 16 of its levels.
You also visited: Bailey.

You collected 1057 gold pieces.
You spent 120 gold pieces at shops.

Inventory:

Hand Weapons
 s - the +11 spear "Gusax" (weapon) {vamp, Str+3}
   (You found it on level 4 of the Dungeon)

   Str:       It affects your strength (+3).
 G - the +7 sling "Kece" {flame, Int+3 Dex+4}
   (You found it on level 9 of the Dungeon)

   Int:       It affects your intelligence (+3).
   Dex:       It affects your dexterity (+4).
Armour
 c - an orb of light (worn)
 i - a +1 leather armour of cold resistance (worn)
 u - a +2 cloak of poison resistance (worn)
Jewellery
 h - a ring of see invisible (left hand)
 n - a ring of protection from cold
 t - a ring of flight (right hand)
 L - a ring of protection from cold
Wands
 v - a wand of charming (23)
 B - a wand of flame (39)
 D - a wand of acid (13)
 J - a wand of iceblast (16)
Scrolls
 a - 5 scrolls of noise {unknown}
 f - a scroll of fear {unknown}
 g - 2 scrolls of immolation {unknown}
 l - 5 scrolls of enchant weapon {unknown}
 m - 11 scrolls of identify {unknown}
 o - 2 scrolls of enchant armour {unknown}
 q - 2 scrolls of revelation
 r - a scroll of poison {unknown}
 w - a scroll of vulnerability {unknown}
 x - 4 scrolls of blinking {unknown}
 y - 2 scrolls of amnesia {unknown}
 z - a scroll of teleportation {unknown}
 C - 3 scrolls of fog {unknown}
 H - a scroll of torment {unknown}
 K - a scroll of silence {unknown}
Potions
 b - 2 potions of ambrosia
 d - 9 potions of curing {unknown}
 e - 2 potions of might
 j - a potion of resistance {unknown}
 k - 2 potions of haste {unknown}
 p - 6 potions of enlightenment
 A - a potion of brilliance {unknown}
 E - 2 potions of magic {unknown}
 F - 2 potions of lignification {unknown}
 I - 2 potions of attraction {unknown}
 N - a potion of mutation {unknown}
Miscellaneous
 M - a lightning rod (4/4)


   Skills:
 + Level 11.9 Fighting
 + Level 9.5 Polearms
 - Level 2.4 Dodging
 - Level 7.5 Unarmed Combat
 + Level 12.4 Spellcasting
 * Level 3.2 Evocations


You had 36 spell levels left.
You didn't know any spells.
Your spell library contained the following spells:

 Spells                   Type           Power      Damage    Failure   Level
 Apportation              Tloc           12%        N/A       13%         1
 Shock                    Conj/Air       24%        1d4       13%         1
 Gell's Gravitas          Tloc           6%         N/A       36%         3
 Inner Flame              Hex/Fire       6%         N/A       36%         3
 Portal Projectile        Hex/Tloc       12%        N/A       36%         3
 Swiftness                Air            6%         N/A       36%         3
 Teleport Other           Tloc           6%         N/A       36%         3
 Tukima's Dance           Hex            6%         N/A       36%         3
 Airstrike                Air            3%         2d(1-17)  77%         4
 Anguish                  Hex/Necr       3%         N/A       77%         4
 Cause Fear               Hex            3%         N/A       77%         4
 Dispel Undead            Necr           6%         3d8       77%         4
 Iskenderun's Mystic Bla  Conj/Tloc      6%         2d4       77%         4
 Leda's Liquefaction      Hex/Erth       3%         N/A       77%         4
 Agony                    Necr           6%         N/A       98%         5
 Alistair's Intoxication  Tmut/Pois      4%         N/A       98%         5
 Lee's Rapid Deconstruct  Erth           3%         3d5*      98%         5
 Yara's Violent Unravell  Hex/Tmut       3%         3d4       98%         5
 Dispersal                Tloc           3%         N/A       100%        6
 Enfeeble                 Hex            3%         N/A       100%        7


Dungeon Overview and Level Annotations

Branches:
Dungeon (11/15)            Temple (1/1) D:5            Lair (3/5) D:8
    Orc (1/2) D:10         Bailey (visited)
  Swamp: Lair:2-3    Shoals: Lair:2-3     Snake: Lair:2-3    Spider: Lair:2-3

Altars:
Ashenzari
Cheibriados
Dithmenos
Elyvilon
Fedhas
Gozag
Hepliaklqana
Kikubaaqudgha
Makhleb
Nemelex Xobeh
Okawaru
Qazlal
Ru
Sif Muna
Trog
Uskayaw
Vehumet
Wu Jian
Xom
Yredelemnul
Zin
The Shining One

Shops:
D:5 [   D:6 !   D:9 (

Annotations:
D:11 1 runed translucent door, bogbog's ghost, journeyman TrBe


Innate Abilities, Weirdness & Mutations

You have razor-sharp teeth.
Your natural rate of healing is unusually fast.
When hurt, damage is shared between your health and your magic reserves.
Your bite disrupts and absorbs the magic of your enemies.
Potions cannot restore your health.


Message History

There is an entrance to a volcano on this level.
Hurry and find it before the entrance collapses!
The yak bellows! x4
Found a runed short sword.
You puncture the torpor snail!
The torpor snail is lightly wounded.
You hit the torpor snail.
The torpor snail is lightly wounded.
You hit the torpor snail but do no damage.
The torpor snail is lightly wounded.
The torpor snail bites you!
Being near the torpor snail leaves you feeling lethargic.
You hit the torpor snail but do no damage.
You bite the torpor snail, but do no damage.
The torpor snail is lightly wounded.
The yak gores you. The yak closely misses you.
You hit the torpor snail but do no damage.
You bite the torpor snail! You drain its power.
You feel invigorated.
The torpor snail is moderately wounded.
The torpor snail closely misses you. The yak gores you!
The yak closely misses you. The yak misses you.
You puncture the torpor snail! You bite the torpor snail! You drain its power.
You feel invigorated.
The torpor snail is severely wounded.
The yak gores you! The yak barely misses you. The yak gores you.
The yak gores you! The torpor snail bites you!
You puncture the torpor snail!
You feel better.
You bite the torpor snail, but do no damage.
The torpor snail is severely wounded.
The yak barely misses you.
The yak gores you! x2; The yak gores you.
* * * LOW HITPOINT WARNING * * *
You feel very mighty all of a sudden. The torpor snail barely misses you.
The yak closely misses you. The yak misses you. The yak gores you.
* * * LOW HITPOINT WARNING * * *
The yak misses you. The yak gores you!
* * * LOW HITPOINT WARNING * * *
The yak gores you!
* * * LOW HITPOINT WARNING * * *
The yak barely misses you. The yak gores you!
You die...

##..##
#P...##
.....##
##.....###
#.....)..##
#.........##
#..YY.....#
#..@Y.....#
#.YYw.....#
#..........#
##..........
#........##
#.....####
##.....
#P.....


You could see a torpor snail and 5 yaks.

Vanquished Creatures
  A hydra (Lair:2)
  3 two-headed ogres
  Erica (D:8)
  Pikel (D:5)
  An ugly thing (D:11)
  2 oklob plants (Lair:2)
  The ghost of semitonal the Changeling, a novice OpSh of Elyvilon (D:6)
  A cyclops (D:11)
  5 elephants (Lair:1)
  A black mamba (Lair:2)
  Maurice (D:8)
  2 cane toads (Lair:1)
  3 komodo dragons
  2 kobold demonologists
  A polar bear (Lair:1)
  A hornet (D:9)
  2 trolls
  Grinder (D:4)
  17 blink frogs (Lair:1)
  Prince Ribbit (D:8)
  2 shadows (D:10)
  19 yaks
  Grum (D:9)
  2 basilisks
  3 steam dragons
  2 vampire mosquitoes (D:11)
  An acid dragon (D:10)
  4 water moccasins
  6 orc warriors
  4 sky beasts
  3 ice beasts
  5 black bears
  7 wolves
  2 ogres
  5 centaurs
  A lemure (D:5)
  4 phantoms
  2 kobold brigands
  6 bullfrogs
  2 scorpions
  7 wights
  14 killer bees
  2 troll zombies (D:10)
  2 howler monkeys
  A crimson imp (D:6)
  2 orc priests
  3 hounds
  4 jellies
  A gnoll bouda (D:5)
  2 iguanas
  9 orc wizards
  4 ogre zombies (D:10)
  6 adders
  6 gnolls
  A shadow imp (D:7)
  2 white imps
  3 ufetubi
  2 dart slugs
  28 orcs
  7 bats
  5 endoplasms
  4 giant cockroaches
  16 goblins
  16 hobgoblins
  3 jackals (D:3)
  33 kobolds
  3 quokkas
  4 ball pythons
  7 frilled lizards
  2 goblin zombies (D:10)
  3 hobgoblin skeletons (D:10)
  2 hobgoblin zombies (D:10)
  3 orc skeletons (D:10)
  9 orc zombies (D:10)
  6 rats
  A spectral orc (D:3)
352 creatures vanquished.

Notes
Turn   | Place    | Note
-------+----------+-------------------------------------------
     0 | D:1      | Ethylacetat the Vine Stalker Monk began the quest for the
                  | Orb.
     0 | D:1      | Reached XP level 1. HP: 11/11 MP: 2/2
    86 | D:1      | Reached XP level 2. HP: 10/16 MP: 1/3
   179 | D:1      | Reached skill level 1 in Spellcasting
   247 | D:1      | Reached XP level 3. HP: 11/20 MP: 3/5
   797 | D:2      | Gained mutation: Your natural rate of healing is unusually
                  | fast. [Vine Stalker growth]
   797 | D:2      | Reached XP level 4. HP: 24/24 MP: 7/7
   901 | D:2      | Found a faded altar of an unknown god.
  1215 | D:3      | Found a hide-covered altar of Uskayaw.
  1251 | D:3      | Reached skill level 2 in Spellcasting
  1267 | D:3      | Found a hazy altar of Hepliaklqana.
  1585 | D:4      | Reached XP level 5. HP: 20/29 MP: 6/9
  1705 | D:4      | Found an ornate altar of the Wu Jian Council.
  1778 | D:4      | Noticed Grinder
  1800 | D:4      | Reached skill level 3 in Spellcasting
  1800 | D:4      | Reached XP level 6. HP: 29/33 MP: 8/11
  1808 | D:4      | Paralysed by Grinder for 2 turns
  1808 | D:4      | Noticed a black bear
  1926 | D:4      | Killed Grinder
  1927 | D:4      | Reached skill level 5 in Unarmed Combat
  1927 | D:4      | Reached XP level 7. HP: 38/38 MP: 11/13
  1939 | D:3      | Reached skill level 4 in Spellcasting
  2026 | D:4      | Reached skill level 5 in Fighting
  2139 | D:4      | Identified the +11 spear "Gusax" {vamp, Str+3}
  2388 | D:5      | Entered Level 5 of the Dungeon
  2459 | D:5      | Gained mutation: You have razor-sharp teeth. [Vine Stalker
                  | growth]
  2459 | D:5      | Reached XP level 8. HP: 43/43 MP: 14/16
  2474 | D:5      | Got Upakluot's Tome of Earthen Maleficent Rituals
  2537 | D:5      | Found a staircase to the Ecumenical Temple.
  2550 | D:5      | Reached skill level 5 in Spellcasting
  2556 | Temple   | Entered the Ecumenical Temple
  2680 | D:5      | Found Tivodoq's Antique Armour Boutique.
  2722 | D:5      | Noticed Pikel
  2738 | D:5      | Killed Pikel
  2748 | D:5      | Found a glowing silver altar of Zin.
  2904 | D:5      | Found an iron altar of Okawaru.
  2914 | D:5      | Reached skill level 6 in Spellcasting
  3000 | D:5      | Reached XP level 9. HP: 43/49 MP: 15/19
  3530 | D:6      | Found Ciantatz's Distillery.
  3540 | D:6      | Bought a potion of berserk rage for 60 gold pieces
  3540 | D:6      | Bought a potion of might for 48 gold pieces
  3540 | D:6      | Bought a potion of degeneration for 12 gold pieces
  3817 | D:6      | Found a runed translucent door.
  3818 | D:6      | Noticed semitonal's ghost (novice OpSh)
  3829 | D:6      | Killed semitonal's ghost
  3830 | D:6      | Reached skill level 7 in Spellcasting
  3875 | D:6      | Found a burning altar of Makhleb.
  3875 | D:6      | Found a shimmering altar of Xom.
  4320 | D:7      | Reached XP level 10. HP: 54/56 MP: 22/22
  4352 | D:7      | Reached skill level 8 in Spellcasting
  4363 | D:7      | Found a radiant altar of Vehumet.
  4727 | D:8      | Found a blossoming altar of Fedhas.
  4751 | D:8      | Found a staircase to the Lair.
  4908 | D:8      | Noticed Maurice
  4948 | D:8      | Noticed Prince Ribbit
  4965 | D:8      | Killed Prince Ribbit
  5122 | D:8      | Noticed Erica
  5132 | D:8      | Killed Erica
  5202 | D:8      | Reached skill level 5 in Polearms
  5242 | D:8      | Killed Maurice
  5243 | D:8      | Reached skill level 9 in Spellcasting
  5584 | D:9      | Noticed Grum
  5643 | D:9      | Killed Grum
  5660 | D:9      | Identified the +7 sling "Kece" {flame, Int+3 Dex+4}
  5666 | D:9      | Found Hehuc's Weapon Shoppe.
  5669 | D:9      | Found a flagged portal.
  5691 | Bailey   | Entered a bailey
  5794 | Bailey   | Identified the ring "Yqeid" {*Corrode Fly Str+4 Dex+5}
  5921 | Bailey   | Reached XP level 11. HP: 54/62 MP: 14/25
  6790 | D:10     | Entered Level 10 of the Dungeon
  6819 | D:10     | Found a staircase to the Orcish Mines.
  6973 | D:10     | Reached skill level 10 in Spellcasting
  6989 | D:10     | Identified the +5 long sword "Waoxkeku" {vamp, Str+4 Int+4
                  | SInv}
  7010 | D:10     | Noticed a two-headed ogre
  7015 | D:10     | Killed a two-headed ogre
  7137 | D:10     | Found a stormy altar of Qazlal.
  7215 | D:10     | Found a glowing golden altar of the Shining One.
  7352 | D:10     | Found a sparkling altar of Nemelex Xobeh.
  7367 | D:10     | Noticed a two-headed ogre
  7374 | D:10     | Killed a two-headed ogre
  7375 | D:10     | Reached skill level 10 in Fighting
  7685 | Orc:1    | Entered Level 1 of the Orcish Mines
  7685 | Orc:1    | Noticed an orc sorcerer
  7756 | D:11     | Noticed a cyclops
  7764 | D:11     | Killed a cyclops
  7860 | D:11     | Noticed a cyan ugly thing
  7869 | D:11     | Killed a cyan ugly thing
  7964 | D:11     | Noticed a two-headed ogre
  7974 | D:11     | Killed a two-headed ogre
  8498 | D:11     | Found a runed translucent door.
  8499 | D:11     | Noticed bogbog's ghost (journeyman TrBe)
  9054 | Lair:1   | Entered Level 1 of the Lair of Beasts
  9227 | Lair:1   | Reached XP level 12. HP: 69/69 MP: 27/27
  9324 | Lair:1   | Reached skill level 11 in Spellcasting
 10316 | Lair:2   | Reached skill level 12 in Spellcasting
 10336 | Lair:2   | Noticed a five-headed hydra
 10348 | Lair:2   | Killed a five-headed hydra
 10502 | Lair:2   | Reached skill level 1 in Evocations
 10597 | Lair:2   | Reached XP level 13. HP: 60/74 MP: 18/30
 10740 | Lair:2   | Found a blossoming altar of Fedhas.
 11643 | Lair:3   | Slain by a yak

Illustrated notes

Levels and vault maps discovered:
D:1:      dpeg_arrival_rhombi, layout_rooms
D:2:      layout_basic, shapermc_ecumenical_altar_venn, minivault_14,
          chequers_serial_rivers_small_b
D:3:      layout_rooms, general_overflow_altar,
          nicolae_hepliaklqana_monster_ancestors, fountainhead,
          minmay_misc_feat_five
D:4:      minmay_recursive_quarters, layout_rooms, nicolae_wu_jian_wuxing_cycle,
          uniq_grinder
D:5:      layout_basic, old_standard_altar, zin_academy,
          minmay_temple_entry_hall, serial_shops, nicolae_shop_crystal,
          kennysheep_small_square, uniq_pikel
D:6:      layout_basic, grunt_temple_overflow_champion_of_chaos, serial_shops,
          shop, hellmonk_ghost_happy_afterlife
D:7:      layout_basic, nicolae_vehumet_radiance
D:8:      layout_loops_ring, mainiacjoe_overflow_boulevard, dpeg_oklobed_lair,
          uniq_erica, uniq_prince_ribbit1, uniq_maurice
D:9:      layout_irregular_city, serial_shops, nicolae_shop_behind_doors,
          lightli_bailey_entry_fortress, feat_on_display, uniq_grum
D:10:     layout_long_grid, mainiacjoe_overflow_six_doors_small,
          nemelex_spade_bored_becter, nicolae_qazlal_general_emergency,
          zombieorc1_lemuel
D:11:     layout_layer_cave, gammafunk_ghost_grave
Temple:   hellmonk_temple_rainy
Lair:1:   layout_cave_pods, infiniplex_staircase_pool
Lair:2:   layout_roguey, hangedman_tree_tricks
Lair:3:   layout_cave_pods, minmay_swamp_entry_wisps,
          hellmonk_spider_entry_not_the_bees, nicolae_volcano_entry_two_sided
Orc:1:    layout_caves

Skill      XL: |  1  2  3  4  5  6  7  8  9 10 11 12 13 |
---------------+----------------------------------------+-----
Fighting       | 3 4 5 6 7 9 10 11 | 11.9
Spellcasting   | 1 2 3 4 6 7 9 10 12 | 12.4
Unarmed Combat | 4 5 7 |  7.5
Polearms       | 3 5 7 9 |  9.5
Evocations     | 2 3 |  3.2
Dodging        | |  2.4

Action                     |  1- 3 |  4- 6 |  7- 9 | 10-12 | 13-15 || total
---------------------------+-------+-------+-------+-------+-------++-------
  Melee: Unarmed           |    85 |   140 |    43 |       |       ||   268
         Bite              |    23 |    50 |    71 |   239 |    12 ||   395
         Spear             |       |       |   149 |   649 |    70 ||   868
  Evoke: Wand              |       |       |       |     4 |       ||     4
    Use: Potion            |       |       |       |     1 |     1 ||     2
         Scroll            |       |       |       |     1 |       ||     1
 Armour: Robe              |    14 |       |       |       |       ||    14
         Leather armour    |       |    27 |    31 |    95 |     4 ||   157
  Dodge: Dodged            |    59 |    83 |    84 |   261 |    13 ||   500

Table legend: (Time is in decaauts)
 A = Elapsed time spent in this place.
 B = Non-inter-level travel time spent in this place.
 C = Inter-level travel time spent in this place.
 D = Time resting spent in this place.
 E = Time spent auto-exploring this place.
 F = Levels seen in this place.
 G = Mean time per level.
                   A        B        C        D        E       F      G
               +--------+--------+--------+--------+--------+-----+--------+
         Total |  11478 |  11054 |    424 |    293 |   8776 |  17 |  675.2 |
       Dungeon |   8689 |   8363 |    326 |    105 |   6828 |  11 |  789.9 |
        Temple |      1 |      1 |      0 |      0 |      0 |   1 |    1.0 |
          Lair |   2474 |   2377 |     97 |    188 |   1826 |   3 |  824.7 |
  Orcish Mines |      3 |      3 |      0 |      0 |      0 |   1 |    3.0 |
        Bailey |    309 |    309 |      0 |      0 |    122 |   1 |  309.0 |
               +--------+--------+--------+--------+--------+-----+--------+

Top non-repeatable levels by time:
    D:11: 1283 daAuts
  Lair:2: 1271 daAuts
  Lair:1: 1196 daAuts
     D:5: 1052 daAuts
     D:8: 965 daAuts
    D:10: 923 daAuts
     D:9: 855 daAuts
     D:4: 772 daAuts
     D:6: 693 daAuts
     D:2: 619 daAuts
     D:7: 544 daAuts
     D:3: 492 daAuts
     D:1: 486 daAuts
  Bailey: 309 daAuts
  Lair:3: 6 daAuts
